 Dungeon Crawl Stone Soup version 0.30-a0-900-g23479c02f2 (webtiles) character file.

Game seed: 7372182585614116111

82 Darkkill the Shooter (level 4, -1/38 HPs)
             Began as a Minotaur Hunter on Mar 18, 2023.
             Killed from afar by Ijyb (11 damage)
             ... with a bolt of dispelling energy
             ... on level 3 of the Dungeon.
             The game lasted 00:02:36 (1486 turns).

Darkkill the Shooter (Minotaur Hunter)              Turns: 1486, Time: 00:02:37

Health: -1/38      AC:  5    Str: 15    XL:     4   Next: 21%
Magic:  3/3        EV: 12    Int:  6    God:
Gold:   101        SH:  0    Dex: 16    Spells: 3/3 levels left

rFire   . . .      SeeInvis .    a - +0 shortbow
rCold   . . .      Faith    .    (shield currently unavailable)
rNeg    . . .      Spirit   .    c - +0 leather armour
rPois   .          Reflect  .    (helmet restricted)
rElec   .          Rampage  .    (no cloak)
rCorr   .                        n - +1 pair of gloves
Will    .....                    (no boots)
Stlth   ++                       (no amulet)
HPRegen 0.26/turn                (no ring)
MPRegen 0.08/turn                (no ring)

@: no status effects
A: horns 2, retaliatory headbutt
a: no special abilities


You were on level 3 of the Dungeon.
You visited 1 branch of the dungeon, and saw 3 of its levels.

You collected 101 gold pieces.

Inventory:

Hand Weapons
 a - a +0 shortbow (weapon)
Missiles
 e - 36 stones
 j - 3 poisoned darts
Armour
 c - a +0 leather armour (worn)
 n - a +1 pair of gloves (worn)
Scrolls
 b - a scroll of immolation
Potions
 d - 2 potions of heal wounds
 f - 2 potions of lignification
 g - a potion of brilliance {unknown}
 h - a potion of berserk rage {unknown}
 m - a potion of attraction {unknown}
 o - a potion of flight {unknown}


   Skills:
 + Level 3.3 Fighting
 + Level 4.9 Ranged Weapons
 + Level 3.1 Dodging
 + Level 1.9 Stealth


You had 3 spell levels left.
You didn't know any spells.
Your spell library was empty.

Dungeon Overview and Level Annotations

Branches:
Dungeon (3/15)

Altars:

Shops:
D:2 :

Annotations:
D:3 Ijyb


Innate Abilities, Weirdness & Mutations

You have a pair of horns on your head.
You reflexively headbutt those who attack you in melee.


Message History

You have reached level 4!
You feel agile.
Fire: a) +0 shortbow
Press: ? - help, Q - select action, (/) - cycle Shift-Dir - straight line, f - adder
Aim: an adder (46% to hit)
You shoot an arrow. The arrow hits the adder!
The adder is severely wounded.
The adder bites you.
Fire: a) +0 shortbow
Press: ? - help, Q - select action, (/) - cycle Shift-Dir - straight line, f/p - adder
Aim: an adder (severely wounded, 46% to hit)
You shoot an arrow. The arrow barely misses the adder.
The adder bites you. x2
Fire: a) +0 shortbow
Press: ? - help, Q - select action, (/) - cycle Shift-Dir - straight line, f/p - adder
Aim: an adder (severely wounded, 46% to hit)
You shoot an arrow. The arrow hits the adder.
The adder is almost dead.
The adder barely misses you. Ijyb hits you with a +0 dagger.
Fire: a) +0 shortbow
Press: ? - help, Q - select action, (/) - cycle Shift-Dir - straight line, f/p - adder
Aim: an adder (almost dead, 46% to hit)
Okay, then.
You shoot an arrow. The arrow hits Ijyb!
Ijyb is moderately wounded.
The adder closely misses you. Ijyb hits you with a +0 dagger.
The adder bites you but does no damage. Ijyb hits you but does no damage.
You shoot an arrow. The arrow barely misses Ijyb.
The adder bites you but does no damage. Ijyb closely misses you.
The adder barely misses you.
You shoot an arrow. The arrow barely misses Ijyb.
The adder bites you.
You are poisoned.
The adder poisons you! Ijyb hits you but does no damage.
You shoot an arrow. The arrow hits Ijyb.
Ijyb is heavily wounded.
You feel sick. The adder bites you but does no damage.
Ijyb hits you with a +0 dagger. The adder barely misses you.
Ijyb hits you with a +0 dagger.
You shoot an arrow. The arrow closely misses Ijyb.
You feel sick.
The adder bites you but does no damage. x2; Ijyb hits you but does no damage.
You shoot an arrow. The arrow hits Ijyb.
Ijyb is severely wounded.
You feel sick. The adder closely misses you. You furiously retaliate!
You headbutt the adder, but do no damage.
Ijyb hits you with a +0 dagger. The adder barely misses you.
You shoot an arrow. The arrow hits Ijyb.
Ijyb is severely wounded.
You feel sick.
You are no longer poisoned.
Ijyb hits you with a +0 dagger.
* * * LOW HITPOINT WARNING * * *
The adder barely misses you.
Unknown command.
You feel much better. The adder barely misses you.
Ijyb drinks a potion.
Ijyb is healed!
The adder bites you but does no damage.
You shoot an arrow. The arrow hits Ijyb but does no damage.
Ijyb is moderately wounded.
Ijyb hits you with a +0 dagger. The adder barely misses you.
Ijyb hits you with a +0 dagger.
You shoot an arrow. The arrow hits Ijyb but does no damage.
Ijyb is lightly wounded.
The adder bites you but does no damage. Ijyb closely misses you.
The adder bites you.
You feel much better. The adder bites you. Ijyb hits you with a +0 dagger.
You shoot an arrow. The arrow hits Ijyb.
Ijyb is moderately wounded.
The adder barely misses you. Ijyb completely misses you. The adder misses you.
You shoot an arrow. The arrow hits Ijyb but does no damage.
Ijyb is moderately wounded.
Ijyb closely misses you. The adder bites you but does no damage.
The adder closely misses you. Ijyb hits you but does no damage.
You shoot an arrow. The arrow closely misses Ijyb.
The adder bites you but does no damage. Ijyb closely misses you.
You shoot an arrow. The arrow hits Ijyb but does no damage.
Ijyb is moderately wounded.
The adder bites you but does no damage. Ijyb hits you but does no damage.
The adder bites you but does no damage.
You shoot an arrow. The arrow hits Ijyb.
Ijyb is heavily wounded.
The adder bites you. Ijyb closely misses you. The adder closely misses you.
Ijyb completely misses you.
You shoot an arrow. The arrow barely misses Ijyb.
The adder bites you. Ijyb closely misses you. The adder closely misses you.
You shoot an arrow. The arrow hits Ijyb.
Ijyb is severely wounded.
The adder closely misses you. You furiously retaliate!
You headbutt the adder.
You kill the adder!
Ijyb barely misses you.
You shoot an arrow. The arrow hits Ijyb.
Ijyb is almost dead.
Ijyb hits you with a +0 dagger. x2
You shoot an arrow. The arrow hits Ijyb.
Ijyb is almost dead.
Ijyb zaps a wand.
The bolt of dispelling energy hits you!
You shoot an arrow. The arrow barely misses Ijyb.
Ijyb zaps a wand.
The bolt of dispelling energy hits you!
* * * LOW HITPOINT WARNING * * *
You shoot an arrow. The arrow barely misses Ijyb.
Ijyb zaps a wand.
The bolt of dispelling energy hits you!
You die...

#. #.. #...
....# #....##
#......#+#####.
#.....†g.......
#@.......
#........
#.####...
####.####.# .
........).#
####+####.# #.#
###


You could see Ijyb.

Vanquished Creatures
  2 adders (D:3)
  A worm (D:2)
  3 dart slugs (D:1)
  5 orcs (D:2)
  7 endoplasms
  2 giant cockroaches (D:1)
  A goblin (D:1)
  3 hobgoblins
  3 jackals (D:1)
  2 quokkas
  3 ball pythons
  2 bats (D:2)
  A frilled lizard (D:1)
  9 kobolds
  5 rats
49 creatures vanquished.

Notes
Turn   | Place    | Note
-------+----------+-------------------------------------------
     0 | D:1      | Darkkill the Minotaur Hunter began the quest for the Orb.
     0 | D:1      | Reached XP level 1. HP: 18/18 MP: 0/0
   124 | D:1      | Reached skill level 1 in Stealth
   144 | D:1      | Reached XP level 2. HP: 25/25 MP: 1/1
   559 | D:1      | Reached XP level 3. HP: 31/31 MP: 2/2
  1282 | D:2      | Found Yfyumy's Book Emporium.
  1329 | D:2      | Found a faded altar of an unknown god.
  1460 | D:3      | Noticed Ijyb
  1462 | D:3      | Reached XP level 4. HP: 38/38 MP: 3/3
  1486 | D:3      | Killed from afar by Ijyb

Illustrated notes

Levels and vault maps discovered:
D:1:      tekkud_arrival_beachfront_property, layout_loops_ring, minmay_bisected
D:2:      layout_basic, serial_shops, nicolae_shop_stone,
          hellmonk_ecumenical_altar_inner_sanctum
D:3:      layout_basic, gammafunk_temple_overflow_forgotten,
          kennysheep_pointless_box, uniq_ijyb, uniq_crazy_yiuf_cottage,
          uniq_grinder

Skill      XL: |  1  2  3 |
---------------+----------+-----
Stealth        | 1 |  1.9
Fighting       | 3 |  3.3
Dodging        | 3 |  3.1
Ranged Weapons | |  4.9

Action                     |  1- 3 |  4- 6 || total
---------------------------+-------+-------++-------
   Fire: Shortbow          |   104 |    23 ||   127
    Use: Scroll            |     6 |       ||     6
         Potion            |       |     2 ||     2
 Armour: Leather armour    |     5 |    16 ||    21
  Dodge: Dodged            |    22 |    24 ||    46

Table legend: (Time is in decaauts)
 A = Elapsed time spent in this place.
 B = Non-inter-level travel time spent in this place.
 C = Inter-level travel time spent in this place.
 D = Time resting spent in this place.
 E = Time spent auto-exploring this place.
 F = Levels seen in this place.
 G = Mean time per level.
                   A        B        C        D        E       F      G
               +--------+--------+--------+--------+--------+-----+--------+
         Total |   1524 |   1439 |     85 |     31 |   1157 |   3 |  508.0 |
       Dungeon |   1524 |   1439 |     85 |     31 |   1157 |   3 |  508.0 |
               +--------+--------+--------+--------+--------+-----+--------+

Top non-repeatable levels by time:
     D:2: 805 daAuts
     D:1: 678 daAuts
     D:3: 41 daAuts

Table legend:
 A = Kills in this place as a percentage of kills in the entire game.
 B = Kills by you in this place as a percentage of kills by you in the entire game.
 C = Kills by friends in this place as a percentage of kills by friends in the entire game.
 D = Other kills in this place as a percentage of other kills in the entire game.
 E = Experience gained in this place as a percentage of experience gained in the entire game.
 F = Experience gained in this place divided by the number of levels of this place that you have seen.
                   A       B       C       D       E      F
               +-------+-------+-------+-------+-------+----------------------
         Total | 100.0 | 100.0 |   N/A |   N/A | 100.0 |  39.3
       Dungeon | 100.0 | 100.0 |   N/A |   N/A | 100.0 |  39.3
               +-------+-------+-------+-------+-------+----------------------
